 Dungeon Crawl Stone Soup version 0.21-a0-434-g806c6c2 (webtiles) character file.

543 glorpian the Chopper (level 7, -4/61 HPs)
             Began as a Hill Orc Fighter on Nov 8, 2017.
             Was a Follower of Lugonu.
             Slain by torrenera's ghost (8 damage)
             ... on level 5 of the Dungeon.
             The game lasted 00:21:49 (4060 turns).

glorpian the Chopper (Hill Orc Fighter)             Turns: 4060, Time: 00:21:50

Health: -4/61      AC:  8    Str: 21    XL:     7   Next: 27%
Magic:  10/10      EV:  8    Int:  8    God:    Lugonu [*.....]
Gold:   196        SH: 13    Dex: 10    Spells: 10/10 levels left

rFire    . . .     SeeInvis .   a - +1 war axe
rCold    . . .     Gourm    .   c - +0 shield
rNeg     . . .     Faith    .   b - +0 scale mail
rPois    .         Spirit   .   (no helmet)
rElec    .         Reflect  +   z - +0 cloak
rCorr    .         Harm     .   (no gloves)
MR       .....                  (no boots)
Stlth    ..........             n - +4 amulet of reflection
HPRegen  0.20/turn              q - ring of stealth
MPRegen  0.12/turn              w - ring of loudness (curse)

@: no status effects
A: no striking features
a: Depart the Abyss, Renounce Religion


You were on level 5 of the Dungeon.
You worshipped Lugonu.
Lugonu was aware of your devotion.
You were not hungry.

You visited 1 branch of the dungeon, and saw 5 of its levels.
You visited the Abyss 1 time.

You collected 196 gold pieces.

Inventory:

Hand Weapons
 a - a +1 war axe (weapon)
Armour
 b - a +0 scale mail (worn)
 c - a +0 shield (worn)
 z - a +0 cloak (worn)
Jewellery
 n - a +4 amulet of reflection (around neck)
 q - a ring of stealth (left hand)
 s - a +2 amulet of reflection
 w - a cursed ring of loudness (right hand)
Wands
 t - a wand of digging (9/24)
Scrolls
 e - a scroll of recharging {unknown}
 h - a scroll of remove curse
 k - a scroll of fear
 o - a scroll of magic mapping
 p - 3 scrolls of amnesia
 y - a scroll of enchant weapon
Potions
 d - a potion of might
 g - a potion of lignification
 i - a potion of brilliance
 j - a potion of ambrosia
 r - 2 potions of agility
 u - a potion of curing
Comestibles
 f - a bread ration
 l - 2 fruits
 m - 2 meat rations
 v - 2 chunks of flesh


   Skills:
 + Level 5.0 Fighting
 + Level 6.1 Axes
 + Level 4.4 Armour
 + Level 1.1 Dodging
 + Level 4.6 Shields
 * Level 2.0 Spellcasting


You had 10 spell levels left.
You didn't know any spells.

Dungeon Overview and Level Annotations

Branches:
Dungeon (5/15)             Temple (0/1) D:4

Altars:
Ashenzari
Fedhas

Annotations:
D:5 torrenera's ghost, novice FoFi


Message History

Torrenera's ghost is almost destroyed.
Torrenera's ghost hits you.
* * * LOW HITPOINT WARNING * * *
You barely miss torrenera's ghost.
Torrenera's ghost is almost destroyed.
Torrenera's ghost hits you.
* * * LOW HITPOINT WARNING * * *
Your shield and scale mail prevent you from hitting torrenera's ghost.
Torrenera's ghost is almost destroyed.
Torrenera's ghost completely misses you.
Torrenera's ghost hits you.
* * * LOW HITPOINT WARNING * * *
You hit torrenera's ghost.
Torrenera's ghost is almost destroyed.
Torrenera's ghost hits you but does no damage.
Unknown command.
Your shield and scale mail prevent you from hitting torrenera's ghost.
Torrenera's ghost is almost destroyed.
Torrenera's ghost hits you!
You die...

#########
#.......#
#.......#
#.......#
#.......#
#.......#
#.......##
#.@W.....#
##.######.#
#..# ##.##
##..# #..##
#.## ### ..
##.# ..#
#.# ###..#


You could see torrenera's ghost.

Vanquished Creatures
  Sigmund (D:3)
  A phantom (D:3)
  2 hounds
  2 orc wizards (D:3)
  Terence (D:3)
  An iguana (D:4)
  A worker ant (D:5)
  An adder (D:2)
  2 oozes (D:1)
  3 worms
  3 leopard geckos
  14 orcs
  A ball python (D:3)
  6 bats
  2 giant cockroaches
  5 hobgoblins
  7 jackals (D:1)
  2 quokkas
  7 frilled lizards
  2 goblins (D:1)
  3 kobolds
  A leopard gecko zombie (D:5)
  A quokka skeleton (D:4)
  4 rats
73 creatures vanquished.

Vanquished Creatures (others)
  An orc (D:3)
1 creature vanquished.

Grand Total: 74 creatures vanquished

Notes
Turn   | Place    | Note
-------+----------+-------------------------------------------
     0 | D:1      | glorpian the Hill Orc Fighter began the quest for the Orb.
     0 | D:1      | Reached XP level 1. HP: 19/19 MP: 1/1
    95 | D:1      | Reached XP level 2. HP: 10/27 MP: 2/2
   391 | D:1      | Reached skill level 3 in Axes
   452 | D:1      | Reached XP level 3. HP: 27/33 MP: 3/3
  1073 | D:2      | Found a shattered altar of Ashenzari.
  1102 | D:2      | Found a blossoming altar of Fedhas.
  1515 | D:3      | Reached XP level 4. HP: 40/40 MP: 4/4
  1593 | D:3      | Noticed a phantom
  2046 | D:3      | Noticed Terence
  2052 | D:3      | Killed Terence
  2052 | D:3      | Reached XP level 5. HP: 47/47 MP: 6/6
  2108 | D:3      | Reached skill level 1 in Spellcasting
  2116 | D:3      | Noticed Sigmund
  2140 | D:3      | Killed Sigmund
  2140 | D:3      | Reached skill level 5 in Axes
  2140 | D:3      | Reached XP level 6. HP: 27/55 MP: 6/8
  2407 | D:3      | Cast into level 1 of the Abyss (kobold)
  2482 | Abyss:2  | Noticed a neqoxec
  2486 | Abyss:2  | Noticed a small abomination
  2491 | Abyss:3  | Found a corrupted altar of Lugonu.
  2500 | Abyss:3  | Became a worshipper of Lugonu the Unformed
  2500 | Abyss:3  | Reached * piety under Lugonu
  2560 | D:3      | Escaped the Abyss
  2636 | D:3      | Killed a phantom
  3347 | D:4      | Reached skill level 5 in Fighting
  3347 | D:4      | Reached XP level 7. HP: 38/61 MP: 9/9
  3348 | D:4      | Found a staircase to the Ecumenical Temple.
  3909 | D:4      | Reached skill level 1 in Dodging
  4012 | D:5      | Entered Level 5 of the Dungeon
  4019 | D:5      | Reached skill level 6 in Axes
  4040 | D:5      | Noticed torrenera's ghost (novice FoFi)
  4058 | D:5      | HP: 3/61 [torrenera's ghost (2)]
  4060 | D:5      | Slain by torrenera's ghost

Vault maps used:
D:1:      scummos_arrival_gate
D:2:      lemuel_crystal_altar, ashenzari_conservatory_becter, first_bread,
          feat_on_display
D:3:      uniq_terence, uniq_sigmund
D:4:      minmay_temple_entry_steel_oval
D:5:      lemuel_crystal_altar
Abyss:3:  evilmike_abyss_exit_12, evilmike_abyss_exit_kraken

Skill      XL: |  1  2  3  4  5  6  7 |
---------------+----------------------+-----
Axes           | 3 5 6 |  6.1
Fighting       | 4 5 |  5.0
Spellcasting   | 1 2 |  2.0
Armour         | 4 |  4.4
Shields        | 4 |  4.6
Dodging        | 1 |  1.1

Action                   |  1- 3 |  4- 6 |  7- 9 || total
-------------------------+-------+-------+-------++-------
Melee: War axe           |   146 |   123 |    58 ||   327
  Use: Scroll            |     5 |     4 |     2 ||    11
       Potion            |       |     2 |     1 ||     3
  Eat: Chunk             |     2 |     2 |     2 ||     6
       Bread ration      |       |     1 |       ||     1
Armor: Scale mail        |    75 |    35 |    13 ||   123
Dodge: Dodged            |    46 |    22 |     7 ||    75
Block: Shield            |   105 |    72 |    35 ||   212
       Reflection        |       |     1 |       ||     1

Table legend:
 A = Spawn XP
 B = Non-spawn XP
 C = Spawn XP percentage of total XP
 D = Spawn monster count
 E = Non-spawn monster count
 F = Spawn count percentage of total count
 G = Total turns spent on level
                    A         B        C        D         E        F      G
               +---------+---------+-------+---------+---------+-------+---------
         Total |       0 |     776 |   0.0 |       0 |      74 |   0.0 |  4060
               +---------+---------+-------+---------+---------+-------+---------
           D:1 |       0 |      48 |   0.0 |       0 |      22 |   0.0 |   874
           D:2 |       0 |      30 |   0.0 |       0 |       9 |   0.0 |   540
           D:3 |       0 |     512 |   0.0 |       0 |      27 |   0.0 |  1425
           D:4 |       0 |     109 |   0.0 |       0 |      13 |   0.0 |  1020
           D:5 |       0 |      77 |   0.0 |       0 |       3 |   0.0 |    48
               +---------+---------+-------+---------+---------+-------+---------
